Map: Equilibrium LE

Players

CCG - Winner!

  • Race: Protoss Protoss
  • League: Diamond
  • Spawn Location: 11:00

Subwayeatn

  • Race: Zerg Zerg
  • Spawn Location: 1:00

VOD

Have the link to the VOD?

Description

Time

  • Played on: Oct. 14, 2023, 8:34 p.m.
  • Length: 12:23
Show
View Real Time Build Order
Export as new Build Order

CCG Protoss - Winner!

Build Orders: 1 Gate Expand 

Get SALT Encoding   

  12  0:00  Probe  
  13  0:12  Probe  
  14  0:19  Pylon  
  14  0:24  Probe  
  15  0:37  Probe (Chrono Boost)  
  16  0:43  Gateway  
  16  0:48  Probe (Chrono Boost)  
  17  0:52  Assimilator  
  17  0:53  Probe (Chrono Boost)  
  19  1:04  Probe  
  19  1:12  Pylon  
  19  1:29  Nexus  
  19  1:43  Cybernetics Core  
  19  1:45  Probe (Chrono Boost)  
  20  1:56  Probe (Chrono Boost)  
  20  2:00  Zealot  
  23  2:01  Probe (Chrono Boost)  
  23  2:04  Assimilator  
  24  2:11  Probe  
  25  2:23  Probe  
  25  2:24  Warp Gate  
  25  2:35  Probe  
  26  2:37  Adept  
  26  2:42  Probe  
  29  2:49  Probe (Chrono Boost)  
  29  2:51  Pylon  
  30  2:54  Probe (Chrono Boost)  
  31  3:04  Probe (Chrono Boost)  
  31  3:05  Twilight Council, Probe (Chrono Boost)  
  33  3:08  Adept (Chrono Boost)  
  33  3:12  Probe  
  36  3:13  Robotics Facility, Probe  
  37  3:24  Probe  
  37  3:25  Probe  
  39  3:36  Probe  
  39  3:37  Probe  
  41  3:48  Probe  
  42  3:49  Probe  
  42  3:50  Gateway  
  42  3:51  Gateway  
  42  3:54  Gateway  
  43  3:56  Assimilator  
  43  3:58  Assimilator  
  43  4:00  Probe  
  43  4:02  Probe  
  45  4:03  Blink  
  45  4:12  Probe  
  45  4:14  Probe  
  45  4:16  Observer  
  48  4:24  Probe  
  48  4:26  Probe  
  50  4:36  Probe  
  50  4:38  Probe  
  52  4:41  Nexus  
  50  5:16  Probe x2  
  52  5:21  Pylon  
  52  5:26  Pylon  
  52  5:27  Pylon  
  52  5:28  Probe x2  
  54  5:37  Immortal (Chrono Boost)  
  54  5:42  Forge  
  58  5:44  Forge  
  58  5:45  Stalker x3  
  58  5:46  Stalker  
  66  5:51  Pylon  
  66  5:55  Pylon  
  58  6:12  Stalker  
  58  6:13  Stalker x3  
  64  6:23  Immortal (Chrono Boost)  
  64  6:29  Protoss Ground Weapons Level 1 (Chrono Boost), Probe (Chrono Boost)  
  64  6:30  Protoss Ground Armor Level 1 (Chrono Boost)  
  69  6:39  Probe (Chrono Boost)  
  70  6:44  Probe (Chrono Boost)  
  70  6:45  Probe x2  
  70  6:46  Stalker  
  75  6:47  Stalker x3  
  81  6:55  Probe  
  81  6:57  Probe  
  83  7:07  Probe  
  84  7:31  Probe x3  
  84  7:35  Pylon  
  87  7:37  Pylon, Stalker x3  
  87  7:38  Stalker  
  87  7:39  Pylon  
  87  7:42  Assimilator  
  95  7:46  Assimilator  
  95  7:47  Gateway  
  95  7:49  Gateway  
  95  7:50  Gateway  
  95  7:51  Gateway  
  95  7:56  Gateway x2  
  95  7:59  Gateway  
  95  8:01  Pylon x2  
  95  8:03  Gateway  
  95  8:06  Gateway  
  95  8:08  Gateway  
  95  8:10  Gateway  
  95  8:12  Gateway  
  95  8:16  Gateway  
  95  8:18  Protoss Ground Weapons Level 2, Protoss Ground Armor Level 2  
  95  8:19  Gateway  
  95  8:21  Pylon  
  95  8:23  Templar Archives, Pylon  
  95  8:24  Charge (Chrono Boost)  
  95  8:29  Zealot  
  95  8:30  Zealot x3  
  103  8:58  Psionic Storm  
  103  9:00  Nexus  
  103  9:01  Zealot x3  
  103  9:02  Zealot  
  111  9:03  Pylon  
  111  9:05  Pylon  
  111  9:07  Pylon  
  111  9:08  Pylon  
  111  9:10  High Templar x2  
  111  9:11  High Templar x2  
  111  9:12  High Templar  
  111  9:13  High Templar  
  111  9:16  Unknown  
  123  9:36  Photon Cannon  
  123  9:37  Zealot x3  
  129  9:38  Photon Cannon  
  129  9:48  Gateway  
  129  9:51  Gateway  
  129  10:01  Pylon  
  129  10:08  Gateway  
  129  10:10  Pylon  
  129  10:22  Zealot  
  129  10:23  Zealot x2  
  129  10:24  Warp Prism (Chrono Boost), Stalker x2  
  129  10:25  Stalker x2  
  129  10:26  Stalker x2  
  145  11:01  Stalker x3  
  145  11:02  Stalker x4  
  145  11:03  Stalker x3  
  153  11:25  Zealot x5  
  159  11:26  Zealot x4  
  159  11:28  Zealot  
  141  12:20  Zealot x3  
  141  12:21  Zealot x6  
  141  12:22  Zealot x6  
Show
View Real Time Build Order
Export as new Build Order

Subwayeatn Zerg 

Build Orders: Pool First, Roach Hydra 

Get SALT Encoding   

  12  0:00  Drone  
  13  0:08  Drone  
  14  0:16  Extractor  
  14  0:20  Drone  
  14  0:24  Overlord  
  14  0:40  Spawning Pool  
  13  0:46  Drone  
  14  0:52  Drone  
  14  0:56  Drone  
  16  1:14  Drone  
  16  1:15  Drone  
  18  1:28  Zergling x2  
  18  1:29  Queen  
  21  1:40  Overlord  
  21  1:43  Overlord  
  21  2:04  Zergling x2  
  22  2:20  Hatchery  
  21  2:31  Queen  
  23  2:40  Drone x3, Roach Warren  
  23  2:41  Drone x2  
  23  2:42  Drone  
  28  3:10  Extractor  
  27  3:15  Drone x5  
  32  3:21  Lair  
  32  3:31  Roach  
  33  3:49  Drone x4  
  37  4:01  Drone  
  37  4:16  Overlord  
  37  4:18  Overlord  
  37  4:22  Queen  
  39  4:29  Drone x4  
  43  4:31  Hatchery  
  43  4:35  Overseer  
  43  4:38  Overlord  
  42  4:41  Glial Reconstitution  
  36  5:03  Roach  
  36  5:04  Roach x9  
  55  5:22  Drone x4, Evolution Chamber  
  55  5:23  Evolution Chamber  
  57  5:29  Drone  
  57  5:30  Drone x2  
  57  5:32  Drone  
  57  5:34  Drone  
  62  5:37  Ravager x2  
  62  5:38  Ravager  
  65  5:49  Zergling x2  
  66  5:54  Pneumatized Carapace  
  66  5:55  Metabolic Boost  
  66  6:06  Roach x4  
  66  6:24  Queen  
  66  6:33  Infestation Pit  
  66  6:37  Hydralisk Den  
  66  6:39  Extractor  
  63  6:41  Drone x12, Extractor  
  74  6:47  Overlord  
  74  6:50  Overlord  
  74  7:07  Hydralisk  
  74  7:08  Hydralisk x3  
  76  7:16  Hydralisk  
  76  7:21  Zergling x2  
  76  7:22  Zergling x8  
  80  7:29  Overlord x2  
  80  7:33  Grooved Spines  
  80  7:48  Extractor  
  80  7:51  Drone x3  
  82  8:07  Overlord x6  
  82  8:08  Overlord  
  82  8:10  Overseer  
  82  8:15  Zerg Missile Weapons Level 1  
  82  8:23  Muscular Augments  
  82  8:34  Hydralisk x5  
  81  8:40  Drone  
  92  8:42  Overlord  
  92  8:43  Overlord x8  
  92  8:50  Zerg Ground Armor Level 1  
  92  8:55  Drone x3  
  95  8:59  Extractor  
  94  9:11  Zergling x2  
  94  9:13  Overlord  
  94  9:15  Drone  
  96  9:20  Ravager  
  96  9:21  Ravager x2  
  96  9:23  Zergling x2  
  100  9:30  Hive  
  100  9:35  Infestor, Roach  
  104  9:47  Drone x2  
  104  9:48  Drone x3  
  104  9:49  Drone x3  
  104  9:50  Drone x5  
  116  10:19  Hydralisk  
  116  10:20  Hydralisk x10  
  137  10:28  Hatchery  
  111  11:22  Infestor  
  111  11:23  Infestor x3  
  119  11:30  Roach x5  
  119  11:31  Roach x9  
  147  11:45  Queen  
  149  11:49  Drone x2  
Tags
 
Composition
Roach Hydra
League
Diamond
Matchup
PvZ
Replay Pack
Multiplayer
Spawn Locations
Close Positions
Add a new tag
Caveats
  • Supply blocks, unpowered buildings, or Contaminate may cause inaccurate times.
  • Supply counts are checked every 10 seconds.